 Dungeon Crawl Stone Soup version 0.20.1-1-g8b1a95d (webtiles) character file.

27 mopl the Ruffian (level 3, 0/24 HPs)
             Began as a Formicid Wanderer on Oct 31, 2017.
             Slain by a jackal (3 damage)
             ... on level 1 of the Dungeon.
             The game lasted 00:01:54 (808 turns).

mopl the Ruffian (Formicid Wanderer)                 Turns: 808, Time: 00:01:54

Health: 0/24       AC:  3    Str: 16    XL:     3   Next: 25%
Magic:  6/6        EV: 11    Int: 12    God:
Gold:   15         SH:  0    Dex: 10    Spells: 6/6 levels left

rFire    . . .     SeeInvis +   c - +0 spear
rCold    . . .     Gourm    .   (no shield)
rNeg     . . .     Faith    .   e - +0 robe
rPois    .         Spirit   .   (helmet unavailable)
rElec    .         Reflect  .   l - +0 cloak
rCorr    .         Harm     .   (no gloves)
MR       .....                  (no boots)
Stlth    +.........             (no amulet)
Regen    0.1/turn               (no ring)
MPRegen  0.1/turn               (no ring)

@: no status effects
A: permanent stasis, dig shafts and tunnels, four strong arms, antennae 3
a: Dig, Shaft Self


You were on level 1 of the Dungeon.
You were not hungry.

You visited 1 branch of the dungeon, and saw 1 of its levels.

You collected 15 gold pieces.

Inventory:

Hand Weapons
 c - a +0 spear (weapon)
Armour
 e - a +0 robe (worn)
 l - a +0 cloak (worn)
Scrolls
 a - a scroll of fear
 h - 2 scrolls of identify {unknown}
Potions
 b - a potion of heal wounds
 d - a potion of lignification {!q}
 j - a potion of agility {unknown}
Comestibles
 f - a bread ration
 g - 4 fruits
 i - a meat ration
 k - a chunk of flesh


   Skills:
 + Level 1.3 Polearms
 + Level 2.2 Armour
 - Level 1.2 Stealth
   Level 2.4 Shields
 - Level 4.0 Unarmed Combat
 - Level 2.1 Spellcasting
   Level 1.0 Ice Magic


You had 6 spell levels left.
You didn't know any spells.

Dungeon Overview and Level Annotations

Branches:
Dungeon (1/15)

Altars:


Innate Abilities, Weirdness & Mutations

You cannot be hasted, slowed, berserked, paralysed or teleported.
You can dig through walls and to a lower floor.
Your four strong arms can wield two-handed weapons with a shield.
You have a pair of large antennae on your head. (SInv)


Message History

You hit the jackal.
The jackal is moderately wounded.
The jackal bites you.
* * * LOW HITPOINT WARNING * * *
You hit the jackal.
You kill the jackal!
The jackal bites you.
* * * LOW HITPOINT WARNING * * *
You hit the jackal but do no damage.
The jackal bites you but does no damage.
You hit the jackal.
The jackal is lightly wounded.
The jackal closely misses you.
You hit the jackal.
The jackal is almost dead.
The jackal bites you but does no damage. x2
You barely miss the jackal.
The jackal is almost dead.
The jackal bites you.
You die...

....###. #.# #.......# ...#
#.##. ###.##### ....# ....
####.# ..... #..
#######....# .....###.##
#.....((####
.........?#####..#####.)..#
..)........##...# ####÷#.#
..............######......##
...............h@....###...#
..........########.#..#[...#
...........##### #.##.(.#..#
#####...##.#...# #.#.(.##.##
#.....##.#...# #...#..#(#
#..##..##.#...# ##.###...#
#.#..........## #†....###
.....####..÷..)####.#.### ##
## ####....).......#


You could see a jackal.

Vanquished Creatures
  A dart slug (D:1)
  A ball python (D:1)
  3 goblins (D:1)
  2 hobgoblins (D:1)
  6 jackals (D:1)
  4 kobolds (D:1)
  4 bats (D:1)
  A rat (D:1)
22 creatures vanquished.

Notes
Turn   | Place    | Note
-------+----------+-------------------------------------------
     0 | D:1      | mopl the Formicid Wanderer began the quest for the Orb.
     0 | D:1      | mopl set off with: a scroll of fear, a potion of heal wounds, a +0 spear, a potion of lignification {!q}, a +0 robe, a bread ration
     0 | D:1      | Reached XP level 1. HP: 13/13 MP: 3/3
   188 | D:1      | Reached skill level 1 in Armour
   188 | D:1      | Reached XP level 2. HP: 5/19 MP: 5/5
   496 | D:1      | Reached skill level 1 in Polearms
   754 | D:1      | Reached XP level 3. HP: 10/24 MP: 6/6
   756 | D:1      | Reached skill level 2 in Armour
   808 | D:1      | Slain by a jackal

Skill      XL: |  1  2  3 |
---------------+----------+-----
Armour         | 1 2 |  2.2
Polearms       | 1 |  1.3
Stealth        | |  1.2
Shields        | |  2.4
Unarmed Combat | |  4.0
Spellcasting   | |  2.1
Ice Magic      | |  1.0

Action                   || total
-------------------------++-------
Melee: Spear             ||    97
       Punch             ||     1
Armor: Robe              ||    19
Dodge: Dodged            ||    59
